 Dungeon Crawl Stone Soup version 0.30-a0-1104-g706747fef1 (webtiles) character file.

Game seed: 9985427210612827508

7182 GordonOverkill the Transmogrifier (level 10, -10/118 HPs)
             Began as a Vampire Venom Mage on Apr 18, 2023.
             Was a Follower of Vehumet.
             Killed from afar by an acid dragon (25 damage)
             ... with a splash of acid
             ... on level 10 of the Dungeon.
             The game lasted 00:41:10 (15147 turns).

GordonOverkill the Transmogrifier (VpVM)           Turns: 15147, Time: 00:41:11

Health: -10/118    AC:  7    Str:  7    XL:     10   Next: 86%
Magic:  11/20      EV: 13    Int: 22    God:    Vehumet [*.....]
Gold:   145        SH:  0    Dex: 15    Spells: 7/23 levels left

rFire   . . .      SeeInvis +    w - +3 dagger (venom)
rCold   . . .      Faith    .    (no shield)
rNeg    . . .      Spirit   .    L - +0 steam dragon scales
rPois   .          Reflect  .    j - +0 helmet
rElec   .          Rampage  .    i - +0 cloak
rCorr   .                        o - +0 pair of gloves
Will    +....                    y - +2 pair of boots Stlth
                                 e - amulet of regeneration
HPRegen 1.39/turn                (no ring)
MPRegen 0.17/turn                (no ring)

@: berserking, corroded, healing quickly, very quick
A: alive, fangs 3, see invisible, vampiric 2
a: Exsanguinate, Renounce Religion


You were on level 10 of the Dungeon.
You worshipped Vehumet.
Vehumet was aware of your devotion.
You visited 2 branches of the dungeon, and saw 11 of its levels.

You collected 513 gold pieces.
You spent 368 gold pieces at shops.

Inventory:

Hand Weapons
 f - a +1 whip of draining
 u - a +3 dagger of protection
 w - a +3 dagger of venom (weapon)
Missiles
 d - 9 boomerangs
 q - 48 poisoned darts
 x - 4 throwing nets
Armour
 i - a +0 cloak (worn)
 j - a +0 helmet (worn)
 o - a +0 pair of gloves (worn)
 y - a +2 pair of boots (worn)
 B - an orb of energy
 E - a +0 buckler
 L - +0 steam dragon scales (worn)
Jewellery
 a - a +6 ring of dexterity
 e - an amulet of regeneration (around neck)
 h - an amulet of faith
Wands
 p - a wand of roots (5)
 I - a wand of polymorph (19)
 J - a wand of flame (35)
Scrolls
 c - 2 scrolls of silence
 g - 2 scrolls of fog
 k - a scroll of torment
 s - a scroll of immolation
 t - 4 scrolls of teleportation
 z - 4 scrolls of blinking
 A - 2 scrolls of fear
 C - a scroll of vulnerability
 G - 2 scrolls of poison
 K - 2 scrolls of identify
Potions
 b - a potion of magic
 l - 2 potions of haste
 m - 2 potions of brilliance
 n - 2 potions of lignification
 r - a potion of berserk rage
 v - 2 potions of attraction {unknown}
 D - 2 potions of curing
 F - a potion of heal wounds
 H - 2 potions of flight


   Skills:
 + Level 7.1 Fighting
 - Level 3.0 Dodging
 - Level 3.0 Stealth
 + Level 5.1 Shields
 + Level 7.1 Spellcasting
 - Level 1.0 Conjurations
 - Level 8.0 Transmutations
 - Level 2.0 Air Magic
 + Level 7.1 Poison Magic
 + Level 3.2 Evocations


You had 7 spell levels left.
You knew the following spells:

 Your Spells              Type           Power      Damage    Failure   Level
a - Sting                 Tmut/Pois      100%       1d8       1%          1
b - Poisonous Vapours     Pois/Air       54%        N/A       1%          2
c - Mephitic Cloud        Conj/Pois/Air  22%        N/A       6%          3
d - Olgreb's Toxic Radia  Pois           39%        N/A       4%          4
e - Eringya's Noxious Bo  Tmut/Pois      20%        N/A       50%         6

Your spell library contained the following spells:

 Spells                   Type           Power      Damage    Failure   Level
 Freeze                   Ice            28%        1d5       9%          1
 Magic Dart               Conj           48%        1d5       5%          1
 Alistair's Intoxication  Tmut/Pois      27%        N/A       10%         5
 Call Imp                 Summ           14%        N/A       12%         2
 Petrify                  Tmut/Erth      25%        N/A       16%         4
 Stone Arrow              Conj/Erth      20%        3d8       21%         3
 Animate Armour           Summ/Erth      14%        N/A       63%         4
 Borgnjor's Vile Clutch   Necr/Erth      3%         N/A       92%         5
 Metabolic Englaciation   Hex/Ice        3%         N/A       92%         5
 Summon Forest            Summ/Tloc      3%         N/A       92%         5
 Summon Mana Viper        Hex/Summ       7%         N/A       92%         5
 Statue Form              Tmut/Erth      16%        N/A       94%         6
 Summon Cactus Giant      Summ           3%         N/A       100%        6
 Lehudib's Crystal Spear  Conj/Erth      5%         10d3      100%        8


Dungeon Overview and Level Annotations

Branches:
Dungeon (10/15)            Temple (1/1) D:7
   Lair: D:8-11         Orc: D:9-12

Altars:
Ashenzari
Cheibriados
Dithmenos
Hepliaklqana
Nemelex Xobeh
Okawaru
Qazlal
Uskayaw
Vehumet
Wu Jian
Xom

Shops:
D:4 ?*=   D:6 ?   D:7 !   D:9 [


Innate Abilities, Weirdness & Mutations

Your natural rate of healing is accelerated.
You have razor-sharp teeth.
You have supernaturally acute eyesight. (SInv)
You are afflicted with vampirism and can become a bat while bloodless.


Message History

The acid dragon claws you.
* * * LOW HITPOINT WARNING * * *
You barely miss the acid dragon.
The acid dragon is heavily wounded.
The bullfrog is engulfed in noxious fumes.
The bullfrog appears confused.
The acid dragon spits acid at you. The splash of acid hits you!!
* * * LOW HITPOINT WARNING * * *
The acid corrodes you!
Okay, then.
A red film seems to cover your vision as you go berserk!
You feel yourself moving faster!
You feel mighty!
The bullfrog hits the acid dragon.
The bullfrog barely misses the acid dragon.
The acid dragon bites you!
* * * LOW HITPOINT WARNING * * *
The acid dragon claws you.
* * * LOW HITPOINT WARNING * * *
You hit the acid dragon but do no damage.
The acid dragon is heavily wounded.
You hit the acid dragon but do no damage.
The acid dragon is poisoned.
The acid dragon is heavily wounded.
The bullfrog barely misses the acid dragon.
The acid dragon bites you.
* * * LOW HITPOINT WARNING * * *
The acid dragon claws you.
* * * LOW HITPOINT WARNING * * *
You barely miss the acid dragon.
The acid dragon is heavily wounded.
The acid dragon closely misses you. The acid dragon claws you.
* * * LOW HITPOINT WARNING * * *
You closely miss the acid dragon. You bite the acid dragon!
The acid dragon is almost dead.
You barely miss the acid dragon.
The acid dragon is almost dead.
The acid dragon spits acid at you. The splash of acid hits you!!
You die...

#.# ##########.####
#.............######
#.#................##
###.....####.##.####.#..
.............##.# #.#.#
#..#.#.#######.# #.#.# .
##.......######.####.#.## #.
........F...D@.......... ..
..........#####.####.#.######.
##.##.#...# #.####.#........ #
#.#...# #......'........
#.#.#†# #.####.#........
..F.#..####.####.#........
...#.#....................<
P...P........................
..P. ..#.........#....####...


You could see an acid dragon (poisoned, catching breath) and a bullfrog
(confused, poisoned).

Vanquished Creatures
  A hydra (D:9)
  Pikel (D:9)
  A shadow (D:9)
  Sigmund (D:4)
  12 yaks
  A steam dragon (D:7)
  An acid dragon (D:9)
  3 water moccasins
  Duvessa (D:4)
  3 ice beasts
  2 orc warriors
  3 black bears
  2 centaurs
  An ogre (D:4)
  2 lemures (D:9)
  2 phantoms
  Blork the orc (D:4)
  5 kobold brigands
  5 bullfrogs
  A scorpion (D:5)
  3 gnoll sergeants
  Dowan (D:4)
  6 killer bees (D:9)
  A howler monkey (D:6)
  4 hounds
  3 jellies
  3 orc priests
  7 sleepcaps
  Crazy Yiuf (D:6)
  Ijyb (D:3)
  3 iguanas
  2 orc wizards
  17 gnolls
  5 adders
  An ufetubus (D:5)
  2 worms (D:2)
  3 dart slugs
  23 orcs
  8 endoplasms
  A giant cockroach (D:4)
  11 goblins
  5 hobgoblins
  2 jackals (D:1)
  28 kobolds
  7 quokkas
  5 ball pythons
  4 bats
  2 frilled lizards (D:1)
  4 rats
212 creatures vanquished.

Vanquished Creatures (others)
  28 fungi (D:10)
  42 plants
70 creatures vanquished.

Grand Total: 282 creatures vanquished

Notes
Turn   | Place    | Note
-------+----------+-------------------------------------------
     0 | D:1      | GordonOverkill the Vampire Venom Mage began the quest for
                  | the Orb.
     0 | D:1      | Reached XP level 1. HP: 13/13 MP: 3/3
   285 | D:1      | Reached XP level 2. HP: 19/19 MP: 0/5
   339 | D:1      | Learned a level 2 spell: Poisonous Vapours
   954 | D:1      | Gained mutation: You are afflicted with vampirism and can
                  | become a bat while bloodless. [Vampire growth]
   954 | D:1      | Reached XP level 3. HP: 24/25 MP: 1/6
  2070 | D:2      | Reached skill level 1 in Fighting
  2172 | D:2      | Found a faded altar of an unknown god.
  2184 | D:2      | You fall into a shaft and drop 1 floor!
  2254 | D:3      | Noticed Ijyb
  2280 | D:3      | Killed Ijyb
  2281 | D:3      | Reached skill level 2 in Transmutations
  2362 | D:3      | Reached XP level 4. HP: 32/32 MP: 0/7
  3665 | D:2      | Reached XP level 5. HP: 33/37 MP: 0/9
  3751 | D:2      | Reached skill level 3 in Transmutations
  3772 | D:2      | Learned a level 3 spell: Mephitic Cloud
  3777 | D:2      | Learned a level 4 spell: Olgreb's Toxic Radiance
  4672 | D:3      | Reached XP level 6. HP: 36/43 MP: 5/11
  5112 | D:4      | Found Baypp's General Store.
  5115 | D:4      | Bought a scroll of identify for 20 gold pieces
  5250 | D:4      | Reached skill level 4 in Transmutations
  5348 | D:4      | Found Botsawk's Jewellery Boutique.
  5557 | D:4      | Noticed Blork the orc
  5564 | D:4      | Killed Blork the orc
  5882 | D:4      | Noticed Sigmund
  5895 | D:4      | Killed Sigmund
  5896 | D:4      | Reached skill level 6 in Transmutations
  5896 | D:4      | Reached XP level 7. HP: 47/48 MP: 5/13
  5909 | D:4      | Noticed Dowan
  5910 | D:4      | Noticed Duvessa
  5961 | D:4      | Killed Duvessa
  5973 | D:4      | Killed Dowan
  5974 | D:4      | Reached skill level 1 in Air Magic
  6088 | D:4      | Found Ejaqeakk's Magic Scroll Boutique.
  6125 | D:4      | Bought a scroll of blinking for 82 gold pieces
  6125 | D:4      | Bought a scroll of identify for 22 gold pieces
  6125 | D:4      | Bought a scroll of teleportation for 33 gold pieces
  6125 | D:4      | Bought a scroll of noise for 11 gold pieces
  6125 | D:4      | Bought a scroll of vulnerability for 44 gold pieces
  6334 | D:4      | Reached skill level 1 in Conjurations
  6588 | D:5      | Entered Level 5 of the Dungeon
  7084 | D:5      | Reached XP level 8. HP: 56/56 MP: 7/14
  7430 | D:5      | Reached skill level 5 in Spellcasting
  7430 | D:5      | Reached skill level 5 in Poison Magic
  7736 | D:5      | Reached skill level 1 in Evocations
  7909 | D:5      | Reached skill level 1 in Shields
  8277 | D:6      | Learned a level 6 spell: Eringya's Noxious Bog
  8648 | D:6      | Reached XP level 9. HP: 65/65 MP: 0/17
  8862 | D:6      | Found Daqaf's Magic Scroll Boutique.
  8997 | D:6      | Bought a scroll of enchant armour for 112 gold pieces
  8997 | D:6      | Bought a scroll of identify for 30 gold pieces
  9172 | D:6      | Found a runed translucent door.
  9173 | D:6      | Noticed Crazy Yiuf
  9389 | D:6      | Killed Crazy Yiuf
  9825 | D:7      | Found a staircase to the Ecumenical Temple.
  9903 | Temple   | Entered the Ecumenical Temple
  9967 | Temple   | Became a worshipper of Vehumet
 10035 | D:7      | Reached skill level 7 in Transmutations
 10084 | D:7      | Found a stormy altar of Qazlal.
 10127 | D:7      | Found a hazy altar of Hepliaklqana.
 10513 | D:7      | Found Fuefye's Distillery.
 10516 | D:7      | Bought a potion of degeneration for 14 gold pieces
 12762 | D:9      | Reached skill level 5 in Fighting
 12768 | D:9      | Reached skill level 8 in Transmutations
 12768 | D:9      | Reached XP level 10. HP: 59/74 MP: 4/19
 12977 | D:9      | Reached skill level 5 in Shields
 13204 | D:9      | Noticed a six-headed hydra
 13225 | D:9      | Killed a six-headed hydra
 13394 | D:9      | Noticed Pikel
 13408 | D:9      | Killed Pikel
 13571 | D:9      | Found Moonagol's Antique Armour Boutique.
 13629 | D:9      | Reached * piety under Vehumet
 13629 | D:9      | Offered knowledge of Freeze by Vehumet.
 14954 | D:10     | Entered Level 10 of the Dungeon
 15080 | D:10     | Upgraded the game from 0.30-a0-1102-g2dbb833546 to
                  | 0.30-a0-1104-g706747fef1
 15147 | D:10     | Killed from afar by an acid dragon

Illustrated notes

Levels and vault maps discovered:
D:1:      lightli_molten_gateway, layout_basic
D:2:      layout_rooms, shapermc_ecumenical_altar_flowoftime
D:3:      layout_loops_ring, serial_forest, infiniplex_forest_clump_cross,
          infiniplex_forest_lined_room_, infiniplex_forest_zigzag_1,
          infiniplex_forest_straight_4, infiniplex_forest_straight_2,
          infiniplex_forest_clump_long, infiniplex_forest_zigzag_1,
          infiniplex_forest_lined_2, infiniplex_forest_end_2,
          infiniplex_forest_end_1, grunt_ministairs_1, minivault_19,
          hellmonk_no_cap, uniq_ijyb
D:4:      layout_basic, mainiacjoe_overflow_six_doors_small, serial_shops,
          nicolae_shop_tiny_waterfront, nicolae_stop_n_shop_2, shop,
          uniq_duvessa, uniq_sigmund, uniq_blork_the_orc
D:5:      layout_cave_pools, minivault_14, minmay_between
D:6:      layout_loops_cross, nicolae_stop_n_shop_2, kennysheep_cross_room,
          uniq_crazy_yiuf_cottage
D:7:      layout_basic, mainiacjoe_overflow_catch_the_wave,
          minmay_temple_entry_antechambers, serial_shops, shop_statue
D:8:      hellmonk_destroyed_diamonds, layout_basic, chequers_ossuary_entry_cave
D:9:      layout_layer_cave, elyvilon_altar_1, serial_shops, shop, uniq_pikel
D:10:     layout_basic, due_lair_maze_entry_diamond, uniq_urug
Temple:   dpeg_five_rooms_temple

Skill      XL: |  1  2  3  4  5  6  7  8  9 10 |
---------------+-------------------------------+-----
Poison Magic   | 3 4 5 6 7 |  7.1
Fighting       | 1 2 3 5 7 |  7.1
Transmutations | 2 3 6 8 |  8.0
Dodging        | 3 |  3.0
Spellcasting   | 3 4 5 6 7 |  7.1
Air Magic      | 1 2 |  2.0
Conjurations   | 1 |  1.0
Evocations     | 1 3 |  3.2
Shields        | 1 4 5 |  5.1
Stealth        | |  3.0

Action                     |  1- 3 |  4- 6 |  7- 9 | 10-12 || total
---------------------------+-------+-------+-------+-------++-------
  Melee: Whip              |    31 |    12 |       |       ||    43
         Punch             |     1 |       |       |       ||     1
         Dagger            |       |    42 |   145 |    87 ||   274
         Bite              |       |    10 |    24 |    17 ||    51
   Cast: Sting             |    33 |    42 |   199 |    34 ||   308
         Poisonous Vapours |    28 |    58 |    47 |    16 ||   149
         Mephitic Cloud    |       |     2 |     3 |     1 ||     6
         Olgreb's Toxic Ra |       |       |    31 |    22 ||    53
  Evoke: Wand              |       |       |       |    13 ||    13
    Use: Scroll            |       |     7 |    11 |     2 ||    20
         Potion            |       |     1 |     1 |     1 ||     3
   Stab: Distracted        |       |     1 |       |       ||     1
         Confused          |       |     1 |     1 |       ||     2
         Sleeping          |       |       |     1 |       ||     1
 Armour: Robe              |     8 |    16 |    61 |       ||    85
         Steam dragon scal |       |       |    29 |    45 ||    74
  Dodge: Dodged            |    25 |    58 |   176 |    76 ||   335

Table legend: (Time is in decaauts)
 A = Elapsed time spent in this place.
 B = Non-inter-level travel time spent in this place.
 C = Inter-level travel time spent in this place.
 D = Time resting spent in this place.
 E = Time spent auto-exploring this place.
 F = Levels seen in this place.
 G = Mean time per level.
                   A        B        C        D        E       F      G
               +--------+--------+--------+--------+--------+-----+--------+
         Total |  15148 |  14764 |    384 |   5019 |   7072 |  11 | 1377.1 |
       Dungeon |  15034 |  14699 |    335 |   5019 |   7072 |  10 | 1503.4 |
        Temple |    114 |     65 |     49 |      0 |      0 |   1 |  114.0 |
               +--------+--------+--------+--------+--------+-----+--------+

Top non-repeatable levels by time:
     D:9: 2321 daAuts
     D:3: 2101 daAuts
     D:1: 1746 daAuts
     D:4: 1532 daAuts
     D:7: 1517 daAuts
     D:8: 1481 daAuts
     D:6: 1479 daAuts
     D:5: 1401 daAuts
     D:2: 1261 daAuts
    D:10: 191 daAuts
  Temple: 114 daAuts
